 Dungeon Crawl Stone Soup version 0.19-a0-45-g2c295ea (webtiles) character file.

2110 Duffy the Cleaver (level 9, -10/59 (61) HPs)
             Began as a Formicid Warper on May 6, 2016.
             Mangled by Gastronok (21 damage)
             ... on level 8 of the Dungeon.
             The game lasted 00:13:05 (11126 turns).

Duffy the Cleaver (Formicid Warper)                Turns: 11126, Time: 00:13:06

HP:   -10/59 (61)   AC: 17    Str: 18    XL:     9   Next: 53%
MP:   12/12         EV:  7    Int: 14    God:
Gold: 349           SH:  6    Dex:  8    Spells: 1 memorised, 11 levels left

rFire  . . .     SeeInvis +     d - +0 battleaxe
rCold  . . .     Gourm    .     y - +0 chain mail
rNeg   . . .     Faith    .     o - +0 buckler
rPois  .         Spirit   .     (helmet unavailable)
rElec  .         Dismiss  .     B - +2 cloak
rCorr  .         Reflect  .     r - +0 pair of gloves
SustAt .         Harm     .     (no boots)
MR     .....                    (no amulet)
Stlth  ..........               (no ring)
                                b - ring of stealth (curse)

@: not resistant to hostile enchantments, extremely unstealthy
A: permanent stasis, dig shafts and tunnels, four strong arms, antennae 3, icy
blue scales 1, large bone plates 1, clumsy 1
a: Dig, Shaft Self


You were on level 8 of the Dungeon.
You were not hungry.

You visited 2 branches of the dungeon, and saw 9 of its levels.

You collected 349 gold pieces.


Innate Abilities, Weirdness & Mutations

You are under a permanent stasis effect.
You can dig through walls and to a lower floor.
Your four strong arms can wield two-handed weapons with a shield.
You have a pair of large antennae on your head (SInv).
You are partially covered in icy blue scales (AC +1).
You are partially covered in large bone plates (AC +2, SH +2).
You are clumsy. (Dex -2)


   Skills:
 - Level 2.1 Fighting
 + Level 10.6 Axes
 - Level 1.0 Throwing
 + Level 5.5 Armour
 - Level 1.7 Dodging
 - Level 2.6 Shields
 - Level 2.1 Spellcasting
 - Level 2.6 Translocations


You had 11 spell levels left.
You knew the following spells:

 Your Spells              Type           Power        Failure   Level  Hunger
a - Apportation           Tloc           #.........   87%         1    #......

Inventory:

Hand Weapons
 a - a +1 hand axe
 d - a +0 battleaxe (weapon)
Missiles
 e - 5 tomahawks of dispersal
 s - 6 tomahawks
 A - a throwing net (quivered)
Armour
 o - a +0 buckler (worn)
 r - a +0 pair of gloves (worn)
 y - a +0 chain mail (worn)
 B - a +2 cloak (worn)
Jewellery
 b - a cursed ring of stealth (left hand)
 C - an uncursed ring of flight
Wands
 k - a wand of polymorph (11/24)
 q - a wand of iceblast (8/15)
Scrolls
 l - 3 scrolls of enchant weapon
 n - a scroll of holy word {unknown}
 t - a scroll of magic mapping {unknown}
 w - a scroll of silence {unknown}
 x - a scroll of remove curse
 z - a scroll of immolation {unknown}
 D - 2 scrolls of recharging
 E - a scroll of acquirement {unknown}
Potions
 g - 3 potions of flight
 j - 5 potions of curing
 m - 3 potions of heal wounds
Books
 c - a book of Spatial Translocations
Comestibles
 f - 2 bread rations
 i - 5 fruits
 u - 2 meat rations

Dungeon Overview and Level Annotations

Branches:
Dungeon (8/15)             Temple (1/1) D:5
   Lair: D:8-11

Altars:
Ashenzari
Dithmenos
Elyvilon
Fedhas
Gozag
Makhleb
Okawaru
Pakellas
Qazlal
Ru
Sif Muna
Trog
Vehumet
Yredelemnul
Zin

Shops:
D:4 :

Annotations:
D:8 Gastronok


Message History

Your stasis keeps you stable.
You slash Gastronok!
Gastronok is heavily wounded.
You slash Gastronok!
Gastronok is heavily wounded.
Gastronok bites you.
You hit Gastronok.
Gastronok is heavily wounded.
Gastronok casts a spell.
Your skin takes on a slight green cast.
You hit Gastronok.
Gastronok is heavily wounded.
You slash Gastronok!
Gastronok is severely wounded.
Gastronok waves his eye-stalks in wide circles.
The air twists around and strikes you!
You are too injured to fight recklessly!
You are too injured to fight recklessly!
You are too injured to fight recklessly!
You are too injured to fight recklessly!
You are too injured to fight recklessly!
You are too injured to fight recklessly!
You are too injured to fight recklessly!
You are too injured to fight recklessly!
You are too injured to fight recklessly!
You are too injured to fight recklessly!
You are too injured to fight recklessly!
You are too injured to fight recklessly!
You are too injured to fight recklessly!
You hit Gastronok but do no damage.
Gastronok is severely wounded.
You hit Gastronok.
Gastronok is severely wounded.
Gastronok's eyestalks quiver as he mumbles some strange words.
You feel a sudden urge to swivel your nonexistent eyestalks around.
You hit Gastronok.
Gastronok is severely wounded.
You completely miss Gastronok.
Gastronok is severely wounded.
Gastronok bites you!
You completely miss Gastronok.
Gastronok is severely wounded.
Gastronok barely misses you.
You hit Gastronok but do no damage.
Gastronok is severely wounded.
You hit Gastronok.
Gastronok is severely wounded.
Gastronok gurgles.
Gastronok bites you!!
You die...

##. #...#### # ......%. #.
## #...####
#..###.#############.#####
# ......$..........#.#....
#..#.#.##<########.#.#.###
#......#.@.#...........# #
#.[.w...........### #
#.#.......###.###
#.....>.......#
#####.....##### ........##
######.## ###


You could see Gastronok.

Action                   |  1- 3 |  4- 6 |  7- 9 || total
-------------------------+-------+-------+-------++-------
Melee: Hand axe          |   131 |   339 |   524 ||   994
       Battleaxe         |       |       |   120 ||   120
Throw: Tomahawk          |       |     4 |       ||     4
       Throwing net      |       |     1 |       ||     1
 Abil: Dig               |       |     5 |     6 ||    11
  Use: Scroll            |     1 |     2 |     8 ||    11
       Potion            |       |       |     5 ||     5
 Stab: Invisible         |       |       |    14 ||    14
  Eat: Chunk             |     2 |    10 |    10 ||    22
       Fruit             |       |       |     4 ||     4
       Beef jerky        |       |       |     1 ||     1
       Meat ration       |       |       |     2 ||     2
       Pizza             |       |       |     1 ||     1
Armor: Leather armour    |    21 |       |       ||    21
       Ring mail         |    15 |   105 |       ||   120
       Chain mail        |       |    64 |   267 ||   331
Dodge: Dodged            |    90 |   150 |   164 ||   404
Block: Buckler           |     5 |    53 |   117 ||   175

Notes
Turn   | Place    | Note
--------------------------------------------------------------
     0 | D:1      | Duffy the Formicid Warper began the quest for the Orb.
     0 | D:1      | Reached XP level 1. HP: 16/16 MP: 3/3
   207 | D:1      | Reached XP level 2. HP: 6/22 MP: 5/5
   532 | D:1      | Reached skill level 3 in Axes
   720 | D:1      | Reached XP level 3. HP: 26/27 MP: 6/6
  1506 | D:2      | Reached skill level 1 in Shields
  1675 | D:2      | Found an iron altar of Okawaru.
  1677 | D:2      | Reached XP level 4. HP: 33/33 MP: 7/7
  1955 | D:2      | Found a glowing silver altar of Zin.
  2222 | D:2      | Reached skill level 2 in Shields
  2228 | D:2      | Reached skill level 4 in Axes
  2448 | D:2      | Noticed Robin
  2483 | D:2      | Killed Robin
  2483 | D:2      | Reached XP level 5. HP: 36/38 MP: 8/8
  3378 | D:3      | Reached skill level 5 in Axes
  3655 | D:3      | Noticed Crazy Yiuf
  3690 | D:3      | Killed Crazy Yiuf
  3690 | D:3      | Reached XP level 6. HP: 19/44 MP: 5/9
  4207 | D:4      | Reached skill level 6 in Axes
  4285 | D:4      | Reached XP level 7. HP: 31/50 MP: 10/10
  5007 | D:4      | Found an oddly glowing altar of Pakellas.
  5028 | D:4      | Reached skill level 7 in Axes
  5106 | D:4      | Found Fasu's Book Shoppe.
  5508 | D:5      | Entered Level 5 of the Dungeon
  5790 | D:5      | Found an iron altar of Okawaru.
  5899 | D:5      | Found a staircase to the Ecumenical Temple.
  5905 | Temple   | Entered the Ecumenical Temple
  6816 | D:5      | Found a bloodstained altar of Trog.
  6863 | D:6      | Noticed Edmund
  7012 | D:4      | Killed Edmund
  7012 | D:4      | Reached skill level 8 in Axes
  7117 | D:4      | Reached XP level 8. HP: 39/56 MP: 11/11
  7491 | D:6      | Noticed Eustachio
  7598 | D:6      | Killed Eustachio
  8155 | D:6      | Reached skill level 9 in Axes
  8700 | D:6      | Reached skill level 2 in Armour
  8900 | D:6      | Found a burning altar of Makhleb.
  8900 | D:6      | Noticed a blizzard demon
  9276 | D:7      | Reached skill level 3 in Armour
  9285 | D:7      | Gained mutation: You are partially covered in icy blue scales (AC +1). [potion of mutation]
  9285 | D:7      | Gained mutation: You are clumsy. (Dex -2) [potion of mutation]
  9285 | D:7      | Gained mutation: You are partially covered in large bone plates (AC +2, SH +2). [potion of mutation]
  9298 | D:7      | Reached XP level 9. HP: 52/61 MP: 12/12
  9306 | D:7      | Reached skill level 10 in Axes
  9326 | D:7      | Reached skill level 4 in Armour
  9973 | D:7      | Reached skill level 5 in Armour
 10109 | D:7      | Found a sacrificial altar of Ru.
 10623 | D:8      | Noticed Gastronok
 11126 | D:8      | Mangled by Gastronok

Skill      XL: |  1  2  3  4  5  6  7  8  9 |
---------------+----------------------------+-----
Axes           | 3 4 5 6 8 9 10 | 10.6
Shields        | 1 2 |  2.6
Armour         | 3 5 |  5.5
Fighting       | |  2.1
Throwing       | |  1.0
Dodging        | |  1.7
Spellcasting   | |  2.1
Translocations | |  2.6

Vault maps used:
D:1:      lightli_arrival_statue_moat
D:2:      kennysheep_goblin_castle, zin_statuary, lemuel_round_altar
D:3:      first_bread, uniq_crazy_yiuf_cottage
D:4:      serial_shops, nicolae_shop_trees, kennysheep_small_spiral,
          eino_tiny_chamber, minmay_misc_feat_more_columns,
          grunt_pakellas_sulfur
D:5:      marbit_many_paths, minmay_temple_entry_trees, basic_altar
D:6:      serial_corexii_hall, corexii_hall_statues_x, corexii_hall_statues_i,
          makhleb_altar_promises_db, uniq_edmund, uniq_eustachio
D:7:      lemuel_doored_altar
D:8:      nicolae_overflow_hidden_temple, uniq_pikel, uniq_joseph,
          uniq_gastronok
Temple:   triangle_lava_temple_11

Vanquished Creatures
  Eustachio Edmund
  2 sky beasts
  An ogre
  A necrophage
  2 giant frogs
  5 killer bees
  4 wights
  A crimson imp
  5 hounds Crazy Yiuf
  7 orc wizards
  2 centaur skeletons
  2 orc priests
  A giant frog skeleton
  An iguana
  4 worker ants
  A hound zombie Robin
  4 gnolls
  8 adders
  3 shadow imps
  2 oozes
  An adder skeleton
  2 worms
  2 dart slugs
  2 giant geckos
  14 orcs
  8 giant cockroaches
  21 goblins
  12 hobgoblins
  17 jackals
  2 quokkas
  4 ball pythons
  11 bats
  5 giant newts
  6 kobolds
  A quokka skeleton
  6 rats
  A fungus
175 creatures vanquished.
